 Dungeon Crawl Stone Soup version 0.31.0-12-g77e489cdc1 (webtiles) character file.

Game seed: 9392399606444503470

126 Doomgape the Shield-Bearer (level 4, 0/45 HPs)
             Began as a Troll Fighter on Mar 2, 2024.
             Slain by Sigmund
             ... wielding a +0 scythe
              (4 damage)
             ... on level 3 of the Dungeon.
             The game lasted 00:05:19 (2392 turns).

Doomgape the Shield-Bearer (Troll Fighter)          Turns: 2392, Time: 00:05:19

Health: 0/45       AC:  5    Str: 26    XL:     4   Next: 83%
Magic:  3/3        EV:  9    Int:  4    God:
Gold:   183        SH:  8    Dex:  9    Spells: 3/3 levels left

rFire   . .          .
                       - Unarmed
rCold   . . .        b - +0 kite shield
rNeg    + . .        r - +1 robe {rN+}
rPois   .            (helmet restricted)
rElec   .            (no cloak)
rCorr   .            (gloves unavailable)
SInv    .            (boots unavailable)
Will    .....        (no amulet)
Stlth   +            (no ring)
HPRegen 1.07/turn    (no ring)
MPRegen 0.08/turn

%: no passive effects
@: no status effects
A: large, unfitting armour, claws 3, regeneration 1, shaggy fur 1, tough skin 1
a: no special abilities


You were on level 3 of the Dungeon.
You visited 1 branch of the dungeon, and saw 3 of its levels.

You collected 183 gold pieces.

Inventory:

Missiles
 d - 6 javelins (quivered)
Armour
 b - a +0 kite shield (worn)
 r - a +1 robe of positive energy (worn)
Wands
 a - a wand of flame (9)
 t - a wand of polymorph (7)
Scrolls
 e - a scroll of identify
 f - a scroll of fog {unknown}
 g - 2 scrolls of immolation
 h - a scroll of brand weapon {unknown}
 j - 2 scrolls of fear {unknown}
 k - 2 scrolls of teleportation {unknown}
 l - a scroll of noise {unknown}
 m - a scroll of poison {unknown}
 o - a scroll of blinking {unknown}
 s - a scroll of acquirement {unknown}
Potions
 c - 2 potions of might
 i - a potion of enlightenment
 n - a potion of curing {unknown}
 p - a potion of brilliance {unknown}
 q - a potion of attraction {unknown}
 u - a potion of lignification {unknown}


   Skills:
 + Level 3.3 Fighting
 - Level 2.4 Dodging
 + Level 3.6 Shields
 + Level 3.2 Unarmed Combat


You had 3 spell levels left.
You didn't know any spells.
Your spell library contained the following spells:

 Spells                   Type           Power      Damage    Failure   Level
 Apportation              Tloc           0%         N/A       75%         1
 Necrotise                Necr           0%         1d4       75%         1
 Sting                    Conj/Alch      0%         1d3       75%         1
 Summon Small Mammal      Summ           0%         N/A       75%         1
 Sublimation of Blood     Necr           0%         N/A       87%         2
 Petrify                  Alch/Erth      0%         N/A       100%        4
 Irradiate                Conj/Alch      0%         3d11      100%        5


Dungeon Overview and Level Annotations

Branches:
Dungeon (3/15)

Altars:
Yredelemnul

Annotations:
D:3 1 runed translucent door, Sigmund


Innate Abilities, Weirdness & Mutations

You are too large for most types of armour.
You have claws for hands.
Your natural rate of healing is unusually fast.
You are covered in fur. (AC +1)
You have tough skin. (AC +1)


Message History

Deactivating autopickup; reactivate with Ctrl-A.
You closely miss something.
You hear some strange, mumbled words.
A puff of flame appears from out of thin air!
The puff of flame misses you.
You closely miss something.
You hear some strange, mumbled words.
Something tries to affect you, but you resist.
You scratch something but do no damage. Something hits you.
You miss something. Something hits you!
You barely miss something.
You hear some strange, mumbled words.
You are confused.
You're too confused to move!
Something hits you.
You barely miss something. Something hits you. Something hits you.
You miss something.
You feel less confused.
You scratch something.
You hear some strange, mumbled words.
You are confused.
You completely miss something.
You hear some strange, mumbled words.
A magic dart appears from out of thin air!
The magic dart hits you. Something hits you!
Something hits you but does no damage.
You're too confused to move!
A magic dart appears from out of thin air!
The magic dart hits you!
You feel less confused.
You hear some strange, mumbled words.
A magic dart appears from out of thin air!
The magic dart hits you.
* * * LOW HITPOINT WARNING * * *
Something hits you!
* * * LOW HITPOINT WARNING * * *
You claw something! Something hits you.
You die...

..####.# #.##.# ..# #.#
##.##.#### .## #.# #........# .#
#.# #..##.##.# .# #.# #......#.#
.## #.# #.###..#.#
..####.#####.###..#†#####
.#......................#########
#...### ####...@{#.....†.......#
......# #.###.###.....#####.#
#...#.# #.# #.# #.###.#####.#
##.##.# #.# #.# #.# #........
#.##.# #.# #.# #.###.#####.#
#.##.# #.# #.# #.....# #.# #....#
##.###.# ###########.# ####.##
#......# #...........#
####.#.#####.(##### #.###########


There were no monsters in sight!

Vanquished Creatures
  Robin (D:3)
  3 gnolls (D:2)
  2 adders
  2 ribbon worms (D:2)
  6 ball pythons
  3 endoplasms
  3 giant cockroaches
  6 hobgoblins
  4 jackals (D:3)
  6 kobolds
  2 quokkas
  6 bats
  4 frilled lizards
  9 goblins
  A goblin skeleton (D:3)
  A jackal zombie (D:3)
  3 rats
62 creatures vanquished.

Notes
Turn   | Place    | Note
-------+----------+-------------------------------------------
     0 | D:1      | Doomgape the Troll Fighter began the quest for the Orb.
     0 | D:1      | Reached XP level 1. HP: 22/22 MP: 0/0
   280 | D:1      | Reached XP level 2. HP: 24/29 MP: 1/1
  1146 | D:2      | Reached XP level 3. HP: 35/36 MP: 2/2
  1332 | D:2      | Reached XP level 4. HP: 5/45 MP: 3/3
  1705 | D:3      | Noticed Sigmund
  1882 | D:3      | Found a runed translucent door.
  1882 | D:3      | Noticed a human
  1887 | D:3      | Found a basalt altar of Yredelemnul.
  1997 | D:3      | Noticed Robin
  2004 | D:3      | Killed Robin
  2392 | D:3      | Slain by Sigmund

Illustrated notes

Levels and vault maps discovered:
D:1:      ncdulo_smallfort, layout_loops_ring, roderic_lattice_a
D:2:      layout_basic, minmay_misc_feat_nine_boxes
D:3:      layout_loops_ring, dk_yredelemnul_ordeal, uniq_sigmund, uniq_robin

Skill      XL: |  1  2  3  4 |
---------------+-------------+-----
Shields        | 3 |  3.6
Fighting       | 3 |  3.3
Unarmed Combat | 3 |  3.2
Dodging        | |  2.4

Action                     |  1- 3 |  4- 6 || total
---------------------------+-------+-------++-------
  Melee: Unarmed           |    87 |    77 ||   164
         Punch             |     2 |       ||     2
  Evoke: Wand              |       |     1 ||     1
    Use: Scroll            |     2 |       ||     2
   Stab: Sleeping          |       |     1 ||     1
 Armour: Robe              |    56 |    43 ||    99
  Dodge: Dodged            |    51 |    31 ||    82
  Block: Kite shield       |    10 |    17 ||    27
